 Dungeon Crawl Stone Soup version 0.22.0 (webtiles) character file.

751 Lew the Sneak (level 7, 0/49 HPs)
             Began as an Octopode Fighter on Aug 10, 2018.
             Was an Initiate of Gozag.
             Slain by a centaur (8 damage)
             ... on level 6 of the Dungeon.
             The game lasted 00:16:41 (5460 turns).

Lew the Sneak (Octopode Fighter)                    Turns: 5460, Time: 00:16:42

Health: 0/49       AC:  1    Str: 17    XL:     7   Next: 78%
Magic:  6/6        EV: 13    Int: 10    God:    Gozag
Gold:   222        SH: 10    Dex: 12    Spells: 6/6 levels left

rFire    + . .     SeeInvis .   a - +1 trident
rCold    x . .     Gourm    .   b - +1 shield
rNeg     . . .     Faith    .   (helmet restricted)
rPois    .         Spirit   .   (no amulet)
rElec    .         Reflect  .   f - ring of fire
rCorr    .         Harm     .   (no ring)
MR       .....                  (no ring)
Stlth    ++++......             (no ring)
HPRegen  0.16/turn              (no ring)
MPRegen  0.10/turn              (no ring)
                                (no ring)
                                (no ring)

@: no status effects
A: almost no armour, stealthy swim, amphibious, 8 rings, constrict 8, camouflage
1, low mp 1, gelatinous body 1
a: Potion Petition, Call Merchant, Bribe Branch, Renounce Religion


You were on level 6 of the Dungeon.
You worshipped Gozag.
Gozag was aware of your devotion.
You were not hungry.

You visited 2 branches of the dungeon, and saw 7 of its levels.

You collected 287 gold pieces.
You paid 65 gold pieces to Gozag.

Inventory:

Hand Weapons
 a - a +1 trident (weapon)
Armour
 b - a +1 shield (worn)
Jewellery
 f - a ring of fire (left tentacle)
Wands
 l - a wand of flame (8)
Scrolls
 g - 3 scrolls of remove curse
 i - 3 scrolls of identify
 j - a scroll of enchant weapon
 k - a scroll of amnesia
 m - a scroll of teleportation
Potions
 c - a potion of lignification
 e - 4 potions of curing
 h - a potion of berserk rage
 n - a potion of haste {unknown}
Comestibles
 d - 6 rations


   Skills:
 + Level 4.7 Fighting
 + Level 4.7 Polearms
 + Level 4.7 Dodging
 + Level 5.9 Stealth
 + Level 3.6 Shields


You had 6 spell levels left.
You didn't know any spells.
Your spell library contained the following spells:

 Spells                   Type           Power        Failure   Level  Hunger
 Statue Form              Tmut/Erth      #........    100%        6    #######
 Dragon Form              Tmut           #.........   100%        7    #######
 Hydra Form               Tmut           #.........   100%        6    #######
 Irradiate                Conj/Tmut      #.........   100%        5    ######.


Dungeon Overview and Level Annotations

Branches:
Dungeon (6/15)             Temple (1/1) D:5

Altars:
Ashenzari
Cheibriados
Elyvilon
Fedhas
Gozag
Kikubaaqudgha
Nemelex Xobeh
Qazlal
Ru
Trog
Uskayaw
Wu Jian
Yredelemnul
Zin
The Shining One


Innate Abilities, Weirdness & Mutations

You cannot wear most types of armour.
You are very stealthy in the water. (Stealth+)
You are amphibious.
You can wear up to eight rings at the same time.
You can use your tentacles to constrict eight enemies at once.
Your skin changes colour to match your surroundings (Stealth+).
Your rubbery body absorbs attacks. (AC +1, EV +1)
Your magical capacity is low. (-10% MP)


Message History

Aim: a centaur, wielding a shortbow You reach to attack!
You hit the centaur but do no damage.
The centaur shoots an arrow.
The arrow barely misses you.
You hit the centaur.
The centaur is lightly wounded.
The centaur unwields an uncursed shortbow.
You block the centaur's attack. The centaur hits you!
* * * LOW HITPOINT WARNING * * *
You hit the centaur. You squeeze the centaur!
The centaur is severely wounded.
The centaur barely misses you. The centaur hits you.
* * * LOW HITPOINT WARNING * * *
You barely miss the centaur. You squeeze the centaur.
The centaur is severely wounded.
The centaur barely misses you.
You hit the centaur but do no damage.
The centaur is severely wounded.
You block the centaur's attack. The centaur hits you!
You die...
Your body crumbles into a pile of gold.

... .c. #$#
## #$##.#
#$$..#
#....#
#(####
#(####
#.c@.# $ #.#
####(#
#.########.#
#.##.......#
#.##.#######
#.##^####
#.##....#
#.#####.#
#...###<##


You could see a centaur.

Vanquished Creatures
  An orc warrior (D:6)
  A sky beast (D:5)
  A phantom (D:5)
  A scorpion (D:5)
  An orc priest (D:3)
  3 orc wizards
  An iguana (D:5)
  2 worker ants
  6 gnolls
  6 adders
  A shadow imp (D:5)
  2 adder zombies (D:5)
  4 worms
  3 dart slugs (D:3)
  3 leopard geckos
  10 orcs
  10 bats
  3 giant cockroaches
  2 gnoll zombies (D:3)
  5 goblins
  5 hobgoblins
  12 jackals
  6 kobolds
  6 quokkas
  3 ball pythons
  A ball python skeleton (D:4)
  4 frilled lizards (D:2)
  6 rats
109 creatures vanquished.

Notes
Turn   | Place    | Note
-------+----------+-------------------------------------------
     0 | D:1      | Lew the Octopode Fighter began the quest for the Orb.
     0 | D:1      | Reached XP level 1. HP: 16/16 MP: 1/1
   100 | D:1      | Reached skill level 1 in Stealth
   114 | D:1      | Reached XP level 2. HP: 20/21 MP: 2/2
   694 | D:1      | Reached skill level 2 in Stealth
   802 | D:2      | Reached XP level 3. HP: 23/26 MP: 3/3
  1033 | D:2      | Reached skill level 3 in Stealth
  1035 | D:2      | Reached XP level 4. HP: 16/31 MP: 4/4
  1969 | D:3      | Reached XP level 5. HP: 36/36 MP: 5/5
  1983 | D:3      | Reached skill level 4 in Stealth
  2019 | D:3      | Found a blossoming altar of Fedhas.
  2771 | D:3      | Found a basalt altar of Yredelemnul.
  2901 | D:3      | Found a bloodstained altar of Trog.
  2917 | D:3      | Reached XP level 6. HP: 36/43 MP: 6/6
  3373 | D:4      | Got a heavily runed chain mail
  3375 | D:4      | Identified the +8 chain mail "Maerisos" {rF+ Int+3 Dex+4} (You found it on level 4 of the Dungeon)
  3378 | D:4      | Gained mutation: Your magical capacity is low. (-10% MP) [potion of mutation]
  3378 | D:4      | Gained mutation: You are weak. (Str -2) [potion of mutation]
  3378 | D:4      | Lost mutation: You are weak. (Str -2) [potion of mutation]
  3591 | D:4      | Found a stormy altar of Qazlal.
  3594 | D:4      | Found a glowing silver altar of Zin.
  3597 | D:4      | Found a glowing golden altar of the Shining One.
  3705 | D:5      | Entered Level 5 of the Dungeon
  3779 | D:5      | Noticed a sky beast
  3791 | D:5      | Killed a sky beast
  3791 | D:5      | Reached skill level 5 in Stealth
  3796 | D:5      | Noticed a phantom
  3810 | D:5      | Killed a phantom
  3810 | D:5      | Reached XP level 7. HP: 38/49 MP: 6/6
  3901 | D:5      | Found a staircase to the Ecumenical Temple.
  3911 | Temple   | Entered the Ecumenical Temple
  4390 | Temple   | Became a worshipper of Gozag Ym Sagoz the Greedy
  5322 | D:6      | Found a hide-covered altar of Uskayaw.
  5460 | D:6      | Slain by a centaur

Skill      XL: |  1  2  3  4  5  6 |
---------------+-------------------+-----
Stealth        | 1 2 3 4 5 |  5.9
Polearms       | 3 4 |  4.7
Fighting       | 4 |  4.7
Dodging        | 4 |  4.7
Shields        | |  3.6

Action                   |  1- 3 |  4- 6 |  7- 9 || total
-------------------------+-------+-------+-------++-------
Melee: Trident           |    67 |   165 |    47 ||   279
       Tentacles         |    10 |    24 |    10 ||    44
       Constrict         |    13 |    33 |     8 ||    54
  Use: Scroll            |     2 |     7 |       ||     9
       Potion            |       |     5 |       ||     5
 Stab: Sleeping          |     5 |    18 |     4 ||    27
  Eat: Ration            |       |     3 |     1 ||     4
       Chunk             |       |     1 |       ||     1
Armor: Skin              |     7 |     6 |     2 ||    15
Dodge: Dodged            |    29 |    40 |    11 ||    80
Block: Shield            |    26 |    33 |    13 ||    72
